Canucks vs Checkers
Created - May 22, 2024 at 20:23
Goals
|
| Canucks |
0 |
0 |
1 |
1 |
| Checkers |
1 |
0 |
1 |
2 |
|
Shots
|
| Canucks |
14 |
7 |
7 |
28 |
| Checkers |
18 |
14 |
7 |
39 |
|
1st period
1. Checkers , Andrei Svechnikov 5 (Patrick Brown 5, Dylan Gambrell 8) at 19:34
Penalties :
Patrick Brown (Cha) for Tripping (Minor) at 5:19
2nd period
No Goal
Penalties :
Ryan Lomberg (Abb) for High sticking (Minor) at 12:14, Tyler Graovac (Abb) for Slashing (Minor) at 15:23, Anthony Beauvillier (Cha) for High sticking (Minor) at 19:50
3rd period
2. Canucks , Nicolas Petan 7 (Curtis Lazar 7) at 2:42 (PP)
3. Checkers , Drake Batherson 10 (Dominik Kahun 10, Anthony Beauvillier 4) at 14:08
Penalties :
Jared McIsaac (Cha) for Cross-checking (Minor) at 2:36, Kirill Marchenko (Cha) for Tripping (Minor) at 3:52
Goalie Stats
Thatcher Demko (Abb), 37 saves from 39 shots - (0.949), L, 3-3-0, 59:07 minutes
Brandon Halverson (Cha), 27 saves from 28 shots - (0.964), W, 4-3-0, 60:00 minutes
Players Stats for Canucks
Player Name G A P +/- PIM S H SB GA TA FO MP PP MP PK MP
------------------------------------------------------------------------------------
Adam Ollas-Mattsson 0 0 0 -1 0 1 1 4 1 0 0/0 25:58 3:19 2:19
Anton Zlobin 0 0 0 0 0 0 0 0 0 0 0/0 0:36 0:06 0:00
Charles Hudon 0 0 0 0 0 1 0 0 0 0 0/0 4:04 0:06 1:08
Curtis Lazar 0 1 1 0 0 2 1 0 1 0 2/3 21:11 3:26 0:44
Daniil Miromanov 0 0 0 -1 0 1 0 0 0 3 0/0 21:25 2:44 1:39
Guillaume Brisebois 0 0 0 0 0 0 1 1 0 0 0/0 14:00 0:00 0:00
Jaret Anderson-Dolan 0 0 0 0 0 0 0 0 0 0 0/0 0:00 0:00 0:00
Jay O'Brien 0 0 0 0 0 0 0 0 0 0 0/0 0:00 0:00 0:00
Jean-Sebastien Dea 0 0 0 -1 0 1 0 0 1 0 3/14 17:00 2:31 0:44
Juho Lammikko 0 0 0 -1 0 3 2 0 0 0 0/0 15:43 2:31 0:00
Lane Pederson 0 0 0 0 0 0 0 0 0 0 3/6 7:23 0:00 0:41
Mackenzie MacEachern 0 0 0 0 0 4 0 0 0 1 0/0 17:39 0:00 0:35
Michael Joly 0 0 0 -1 0 0 1 0 0 0 0/0 12:34 0:00 0:00
Nicolas Petan 1 0 1 0 0 3 4 1 0 0 11/26 22:14 3:32 2:06
Phil Di Giuseppe 0 0 0 -1 0 4 3 0 1 0 0/0 12:34 0:00 0:00
Rasmus Asplund 0 0 0 0 0 0 0 0 0 0 0/0 1:13 0:00 0:51
Ryan Lomberg 0 0 0 0 2 1 3 1 0 1 0/2 21:19 3:26 1:07
Scott Harrington 0 0 0 -1 0 1 0 1 1 1 0/0 25:31 3:19 2:19
Trevor Moore 0 0 0 -1 0 1 1 1 0 0 0/0 15:43 2:31 0:00
Tyler Graovac 0 0 0 -1 2 2 2 0 0 0 2/4 13:06 0:00 0:00
William Lagesson 0 0 0 -1 0 3 1 1 0 0 0/0 20:24 2:44 1:39
William Lockwood 0 0 0 0 0 0 0 0 0 0 0/0 6:23 0:00 0:00
Players Stats for Checkers
Player Name G A P +/- PIM S H SB GA TA FO MP PP MP PK MP
------------------------------------------------------------------------------------
Andrei Svechnikov 1 0 1 1 0 6 2 0 1 0 1/1 14:11 1:39 0:00
Anthony Beauvillier 0 1 1 1 2 3 1 2 0 0 0/1 20:51 1:24 2:08
Austin Poganski 0 0 0 0 0 2 2 0 0 0 0/0 11:59 0:55 0:00
Dominik Kahun 0 1 1 1 0 2 2 1 0 0 15/25 21:58 1:24 3:15
Drake Batherson 1 0 1 1 0 7 1 0 1 0 2/3 16:41 1:24 0:00
Dylan Gambrell 0 1 1 1 0 0 1 0 0 1 10/17 15:37 1:39 1:26
Jake Walman 0 0 0 0 0 0 1 1 0 1 0/0 15:50 0:00 2:30
Jared McIsaac 0 0 0 0 2 0 0 0 0 1 0/0 15:32 1:49 0:00
John Draeger 0 0 0 1 0 3 0 2 0 0 0/0 21:36 1:49 3:33
Kirill Marchenko 0 0 0 0 2 0 2 0 0 0 0/0 9:54 0:00 0:00
Matt Puempel 0 0 0 0 0 2 1 0 0 0 1/1 12:57 0:55 2:26
Morgan Frost 0 0 0 0 0 1 0 0 2 0 3/5 12:45 0:55 0:46
Patrick Brown 0 1 1 1 2 5 6 0 1 0 1/1 15:57 1:39 0:37
Radim Simek 0 0 0 1 0 2 0 2 0 1 0/0 27:43 2:09 3:33
Roberts Lipsbergs 0 0 0 0 0 1 0 0 1 0 0/0 11:46 0:00 1:14
Tanner Laczynski 0 0 0 0 0 3 0 1 0 1 1/1 9:18 0:00 0:14
Timothy Liljegren 0 0 0 1 0 1 0 0 0 0 0/0 20:32 2:09 0:00
Viktor Baldayev 0 0 0 1 0 1 3 1 0 0 0/0 18:46 0:00 2:30
3 Stars
1 - Brandon Halverson (Cha)
2 - Thatcher Demko (Abb)
3 - Andrei Svechnikov (Cha)
Power Play
Canucks - 1 on 4 Attempt(s) - 25.00%
Checkers - 0 on 2 Attempt(s) - 0.00%
Penalty Kill
Canucks - 2 on 2 Attempt(s) - 100.00%
- Score 0 goal in Penalty Kill
Checkers - 3 on 4 Attempt(s) - 75.00%
- Score 0 goal in Penalty Kill
Team Stat
Canucks - Hits : 20 - Faceoff Wins : 21 - Blocked Shots : 10 - Penalty Minutes : 4
Checkers - Hits : 22 - Faceoff Wins : 34 - Blocked Shots : 10 - Penalty Minutes : 8
Official
Referees : Dean Morton and Mitch Dunning
Linesman : Shandor Alphonso and Mark Shewchyk
Game Notes
No Game Note
Finance
Level 1 -- Attendance: 2000 (100.00%) -- Ticket Income $140,000
Level 2 -- Attendance: 1000 (100.00%) -- Ticket Income $40,000
Total Attendance: 3000 (100.00%)
Total Ticket Income: $180,000
Other Income: $9,000
Total Income: $189,000
Canucks
5 vs 5 Forward
Center Left Wing Right Wing Time % Phy DF OF
1 Nicolas Petan Ryan Lomberg Curtis Lazar 40 1 2 2
2 Jean-Sebastien Dea Trevor Moore Juho Lammikko 30 1 2 2
3 Tyler Graovac Phil Di Giuseppe Michael Joly 20 1 2 2
4 Lane Pederson Mackenzie MacEachern William Lockwood 10 1 2 2
5 vs 5 Defense
Defense Defense Time % Phy DF OF
1 Scott Harrington Adam Ollas-Mattsson 40 1 2 2
2 William Lagesson Daniil Miromanov 30 1 2 2
3 Guillaume Brisebois Mackenzie MacEachern 20 1 2 2
4 Scott Harrington Adam Ollas-Mattsson 10 1 2 2
PowerPlay Forward
Center Left Wing Right Wing Time % Phy DF OF
1 Nicolas Petan Ryan Lomberg Curtis Lazar 60 1 2 2
2 Jean-Sebastien Dea Trevor Moore Juho Lammikko 40 1 2 2
PowerPlay Defense
Defense Defense Time % Phy DF OF
1 Scott Harrington Adam Ollas-Mattsson 60 1 2 2
2 William Lagesson Daniil Miromanov 40 1 2 2
Penalty Kill 4 Players Forward
Center Wing Time % Phy DF OF
1 Nicolas Petan Ryan Lomberg 60 1 2 2
2 Curtis Lazar Jean-Sebastien Dea 40 1 2 2
Penalty Kill 4 Players Defense
Defense Defense Time % Phy DF OF
1 Scott Harrington Adam Ollas-Mattsson 60 1 2 2
2 William Lagesson Daniil Miromanov 40 1 2 2
Penalty Kill - 3 Players Forward
Forward Time % Phy DF OF
1 Nicolas Petan 60 1 2 2
2 Ryan Lomberg 40 1 2 2
Penalty Kill - 3 Players Defense
Defense Defense Time % Phy DF OF
1 Scott Harrington Adam Ollas-Mattsson 60 1 2 2
2 William Lagesson Daniil Miromanov 40 1 2 2
4 vs 4 Forward
Center Wing Time % Phy DF OF
1 Nicolas Petan Ryan Lomberg 60 1 2 2
2 Curtis Lazar Jean-Sebastien Dea 40 1 2 2
4 vs 4 Defense
Defense Defense Time % Phy DF OF
1 Scott Harrington Adam Ollas-Mattsson 60 1 2 2
2 William Lagesson Daniil Miromanov 40 1 2 2
Last Minutes Offensive
Center Left Wing Right Wing Defense Defense
Nicolas Petan Ryan Lomberg Curtis Lazar Scott Harrington Adam Ollas-Mattsson
Last Minutes Defensive
Center Left Wing Right Wing Defense Defense
Nicolas Petan Ryan Lomberg Curtis Lazar Scott Harrington Adam Ollas-Mattsson
Goaltenders
Starting : Thatcher Demko
Backup : Casey DeSmith
Extra Forwards
Normal : Charles Hudon, Anton Zlobin, Rasmus Asplund - PP : Charles Hudon, Anton Zlobin - PK : Rasmus Asplund
Extra Defensemen
Normal : Guillaume Brisebois, William Lagesson, Daniil Miromanov - PP : Guillaume Brisebois - PK : William Lagesson, Daniil Miromanov
Penalty Shots
Nicolas Petan, Ryan Lomberg, Curtis Lazar, Jean-Sebastien Dea, Juho Lammikko
Custom OT Lines Forwards
Nicolas Petan, Ryan Lomberg, Curtis Lazar, Jean-Sebastien Dea, Juho Lammikko, Trevor Moore, Phil Di Giuseppe, Mackenzie MacEachern, Charles Hudon, Michael Joly
Custom OT Lines Defensemen
Scott Harrington, Adam Ollas-Mattsson, William Lagesson, Daniil Miromanov, Guillaume Brisebois
Scratches
Daniel Zaar (Suspend), Brandon Saigeon (Healthy), Juuso Riikola (Bruised Left Arm Injury), Jack Rathbone (Healthy), Michael Kesselring (Healthy)
Dan Renouf (Strained Right Elbow Injury), Marek Langhamer (Healthy), Michael Dipietro (Healthy)
Checkers
5 vs 5 Forward
Center Left Wing Right Wing Time % Phy DF OF
1 Dominik Kahun Anthony Beauvillier Drake Batherson 40 0 2 3
2 Dylan Gambrell Andrei Svechnikov Patrick Brown 30 0 2 3
3 Tanner Laczynski Matt Puempel Kirill Marchenko 20 0 2 3
4 Morgan Frost Roberts Lipsbergs Austin Poganski 10 0 2 3
5 vs 5 Defense
Defense Defense Time % Phy DF OF
1 Radim Simek Timothy Liljegren 40 0 2 3
2 John Draeger Viktor Baldayev 30 0 2 3
3 Jake Walman Jared McIsaac 20 0 2 3
4 Radim Simek Timothy Liljegren 10 0 2 3
PowerPlay Forward
Center Left Wing Right Wing Time % Phy DF OF
1 Dominik Kahun Anthony Beauvillier Drake Batherson 60 0 1 4
2 Dylan Gambrell Andrei Svechnikov Patrick Brown 40 0 1 4
PowerPlay Defense
Defense Defense Time % Phy DF OF
1 Timothy Liljegren Radim Simek 60 0 2 3
2 John Draeger Jared McIsaac 40 0 2 3
Penalty Kill 4 Players Forward
Center Wing Time % Phy DF OF
1 Dominik Kahun Anthony Beauvillier 60 0 3 2
2 Dylan Gambrell Patrick Brown 40 0 3 2
Penalty Kill 4 Players Defense
Defense Defense Time % Phy DF OF
1 Radim Simek John Draeger 60 0 4 1
2 Viktor Baldayev Jake Walman 40 0 4 1
Penalty Kill - 3 Players Forward
Forward Time % Phy DF OF
1 Anthony Beauvillier 60 0 3 2
2 Dominik Kahun 40 0 3 2
Penalty Kill - 3 Players Defense
Defense Defense Time % Phy DF OF
1 Radim Simek John Draeger 60 0 4 1
2 Viktor Baldayev Jake Walman 40 0 4 1
4 vs 4 Forward
Center Wing Time % Phy DF OF
1 Dominik Kahun Drake Batherson 60 0 2 3
2 Dylan Gambrell Anthony Beauvillier 40 0 2 3
4 vs 4 Defense
Defense Defense Time % Phy DF OF
1 Radim Simek Timothy Liljegren 60 0 2 3
2 John Draeger Viktor Baldayev 40 0 2 3
Last Minutes Offensive
Center Left Wing Right Wing Defense Defense
Dominik Kahun Anthony Beauvillier Drake Batherson Timothy Liljegren Viktor Baldayev
Last Minutes Defensive
Center Left Wing Right Wing Defense Defense
Dominik Kahun Anthony Beauvillier Patrick Brown Radim Simek John Draeger
Goaltenders
Starting : Brandon Halverson
Backup : Joseph Woll
Extra Forwards
Normal : Andrei Svechnikov, Anthony Beauvillier, Drake Batherson - PP : Andrei Svechnikov, Drake Batherson - PK : Matt Puempel
Extra Defensemen
Normal : John Draeger, Timothy Liljegren, Radim Simek - PP : Radim Simek - PK : Viktor Baldayev, John Draeger
Penalty Shots
Patrick Brown, Drake Batherson, Andrei Svechnikov, Dominik Kahun, Anthony Beauvillier
Custom OT Lines Forwards
Patrick Brown, Drake Batherson, Anthony Beauvillier, Dominik Kahun, Kirill Marchenko, Tanner Laczynski, Dylan Gambrell, Morgan Frost, Andrei Svechnikov, Matt Puempel
Custom OT Lines Defensemen
Radim Simek, John Draeger, Viktor Baldayev, Timothy Liljegren, Jake Walman
Scratches
Mitchell Heard (Healthy), Nicklas Jensen (Healthy), Simon Bourque (Healthy), Kale Clague (Sprained Right Finger Injury), Artur Kayumov (Healthy)
Ivan Prosvetov (Healthy), Jakub Skarek (Healthy)
% Time on Ice - Canucks
Lines # - Real PCT - Wanted PCT - Time Play
Normal Forward
1 - 32% - 40% - 15:42
2 - 29% - 30% - 14:07
3 - 26% - 20% - 12:34
4 - 13% - 10% - 6:23
Normal Defense
1 - 39% - 40% - 19:06
2 - 29% - 30% - 14:09
3 - 27% - 20% - 13:04
4 - 5% - 10% - 2:27
PP Forward
1 - 58% - 60% - 3:32
2 - 42% - 40% - 2:31
PP Defense
1 - 55% - 60% - 3:19
2 - 45% - 40% - 2:44
PK Forward
1 - 82% - 60% - 3:14
2 - 18% - 40% - 0:44
PK Defense
1 - 58% - 60% - 2:19
2 - 42% - 40% - 1:39
PK3 Forward
1 - 0% - 60%
2 - 0% - 40%
PK3 Defense
1 - 0% - 60%
2 - 0% - 40%
44 Forward
1 - 0% - 60%
2 - 0% - 40%
44 Defense
1 - 0% - 60%
2 - 0% - 40%
Last Minute Offensive - 1:13
Last Minute Defensive - 0:00
Total
Forward - 60:00
Defense - 60:00
|
% Time on Ice - Checkers
Lines # - Real PCT - Wanted PCT - Time Play
Normal Forward
1 - 34% - 40% - 16:43
2 - 26% - 30% - 12:32
3 - 19% - 20% - 9:03
4 - 22% - 10% - 10:31
Normal Defense
1 - 38% - 40% - 18:23
2 - 35% - 30% - 16:54
3 - 25% - 20% - 12:11
4 - 3% - 10% - 1:21
PP Forward
1 - 58% - 60% - 2:19
2 - 42% - 40% - 1:39
PP Defense
1 - 54% - 60% - 2:09
2 - 46% - 40% - 1:49
PK Forward
1 - 76% - 60% - 4:37
2 - 24% - 40% - 1:26
PK Defense
1 - 59% - 60% - 3:33
2 - 41% - 40% - 2:30
PK3 Forward
1 - 0% - 60%
2 - 0% - 40%
PK3 Defense
1 - 0% - 60%
2 - 0% - 40%
44 Forward
1 - 0% - 60%
2 - 0% - 40%
44 Defense
1 - 0% - 60%
2 - 0% - 40%
Last Minute Offensive - 0:00
Last Minute Defensive - 1:10
Total
Forward - 60:00
Defense - 60:00
|
Play-by-Play
1st period
0:01 of 1st period - Dominik Kahun wins face-off versus Nicolas Petan in neutral zone.
0:09 of 1st period - Radim Simek is hit by Nicolas Petan and loses puck.
0:39 of 1st period - Snap shot by Andrei Svechnikov.
0:39 of 1st period - Shot Blocked by Scott Harrington.
0:49 of 1st period - Snap shot by Phil Di Giuseppe.
0:49 of 1st period - Shot Misses the Net.
0:51 of 1st period - Snap shot by Phil Di Giuseppe.
0:51 of 1st period - Shot Misses the Net.
0:53 of 1st period - Slapshot by Scott Harrington.
0:53 of 1st period - Deflect By Phil Di Giuseppe.
0:53 of 1st period - Shot Blocked by John Draeger.
0:53 of 1st period - Puck is out of play.
0:54 of 1st period - Tyler Graovac wins face-off versus Morgan Frost in Checkers zone.
0:59 of 1st period - Wrist shot by Phil Di Giuseppe.
0:59 of 1st period - Shot Misses the Net.
1:01 of 1st period - Slapshot by William Lagesson.
1:01 of 1st period - Shot Blocked by Jake Walman.
1:03 of 1st period - Slapshot by Tyler Graovac.
1:03 of 1st period - Stopped by Brandon Halverson without a rebound.
1:04 of 1st period - Morgan Frost wins face-off versus Lane Pederson in Checkers zone.
1:33 of 1st period - Slapshot by Juho Lammikko.
1:33 of 1st period - Stopped by Brandon Halverson without a rebound.
1:34 of 1st period - Jean-Sebastien Dea wins face-off versus Dominik Kahun in Checkers zone.
1:45 of 1st period - Snap shot by Jean-Sebastien Dea.
1:45 of 1st period - Stopped by Brandon Halverson with a rebound.
1:59 of 1st period - John Draeger is hit by Ryan Lomberg and loses puck.
2:20 of 1st period - Snap shot by Phil Di Giuseppe.
2:20 of 1st period - Stopped by Brandon Halverson with a rebound.
2:22 of 1st period - Snap shot by Michael Joly.
2:22 of 1st period - Shot Misses the Net.
3:06 of 1st period - Icing by Radim Simek.
3:07 of 1st period - Tyler Graovac wins face-off versus Morgan Frost in Checkers zone.
3:42 of 1st period - Patrick Brown is hit by Ryan Lomberg and loses puck.
4:24 of 1st period - Snap shot by Drake Batherson.
4:24 of 1st period - Stopped by Thatcher Demko without a rebound.
4:25 of 1st period - Dominik Kahun wins face-off versus Jean-Sebastien Dea in Canucks zone.
4:30 of 1st period - Snap shot by Drake Batherson.
4:30 of 1st period - Shot Blocked by William Lagesson.
5:08 of 1st period - Wrist shot by Juho Lammikko.
5:08 of 1st period - Stopped by Brandon Halverson without a rebound.
5:09 of 1st period - Lane Pederson wins face-off versus Dylan Gambrell in Checkers zone.
5:19 of 1st period - Minor Penalty to Patrick Brown for Tripping.
5:20 of 1st period - Dominik Kahun wins face-off versus Nicolas Petan in Checkers zone.
5:33 of 1st period - Wrist shot by Nicolas Petan.
5:33 of 1st period - Shot Blocked by Anthony Beauvillier.
5:53 of 1st period - Snap shot by Jean-Sebastien Dea.
5:53 of 1st period - Shot Misses the Net.
5:55 of 1st period - Snap shot by Adam Ollas-Mattsson.
5:55 of 1st period - Shot Blocked by Radim Simek.
6:26 of 1st period - Snap shot by Matt Puempel.
6:26 of 1st period - Stopped by Thatcher Demko with a rebound.
7:19 of 1st period - Penalty to Patrick Brown is over, Patrick Brown is back on ice.
7:35 of 1st period - Phil Di Giuseppe is hit by Andrei Svechnikov and loses puck.
7:52 of 1st period - Snap shot by Mackenzie MacEachern.
7:52 of 1st period - Stopped by Brandon Halverson with a rebound.
7:54 of 1st period - Wrist shot by Adam Ollas-Mattsson.
7:54 of 1st period - Stopped by Brandon Halverson with a rebound.
8:08 of 1st period - Snap shot by Phil Di Giuseppe.
8:08 of 1st period - Shot Misses the Net.
8:10 of 1st period - Wrist shot by Mackenzie MacEachern.
8:10 of 1st period - Stopped by Brandon Halverson with a rebound.
8:38 of 1st period - Slapshot by Dominik Kahun.
8:38 of 1st period - Shot Blocked by Trevor Moore.
8:56 of 1st period - William Lagesson is hit by Austin Poganski and loses puck.
9:01 of 1st period - Snap shot by Morgan Frost.
9:01 of 1st period - Stopped by Thatcher Demko without a rebound.
9:02 of 1st period - Morgan Frost wins face-off versus Tyler Graovac in Canucks zone.
9:28 of 1st period - Backhand shot by Morgan Frost.
9:28 of 1st period - Shot Misses the Net.
9:34 of 1st period - Snap shot by Phil Di Giuseppe.
9:34 of 1st period - Shot Misses the Net.
9:36 of 1st period - Slapshot by Phil Di Giuseppe.
9:36 of 1st period - Shot Blocked by Viktor Baldayev.
9:38 of 1st period - Slapshot by William Lagesson.
9:38 of 1st period - Shot Hit the Post.
9:40 of 1st period - Wrist shot by Phil Di Giuseppe.
9:40 of 1st period - Stopped by Brandon Halverson with a rebound.
9:42 of 1st period - Slapshot by William Lagesson.
9:42 of 1st period - Stopped by Brandon Halverson with a rebound.
9:44 of 1st period - Wrist shot by Phil Di Giuseppe.
9:44 of 1st period - Stopped by Brandon Halverson with a rebound.
11:51 of 1st period - Morgan Frost is hit by Tyler Graovac and loses puck.
12:28 of 1st period - Snap shot by Tyler Graovac.
12:28 of 1st period - Stopped by Brandon Halverson with a rebound.
12:30 of 1st period - Wrist shot by Phil Di Giuseppe.
12:30 of 1st period - Stopped by Brandon Halverson without a rebound.
12:31 of 1st period - Curtis Lazar wins face-off versus Dominik Kahun in Checkers zone.
12:40 of 1st period - Slapshot by Drake Batherson.
12:40 of 1st period - Shot Misses the Net.
12:42 of 1st period - Snap shot by Anthony Beauvillier.
12:42 of 1st period - Stopped by Thatcher Demko without a rebound.
12:43 of 1st period - Dominik Kahun wins face-off versus Nicolas Petan in Canucks zone.
12:58 of 1st period - Snap shot by Ryan Lomberg.
12:58 of 1st period - Shot Blocked by Anthony Beauvillier.
13:12 of 1st period - Off-side.
13:13 of 1st period - Lane Pederson wins face-off versus Dylan Gambrell in neutral zone.
13:20 of 1st period - Snap shot by Charles Hudon.
13:20 of 1st period - Stopped by Brandon Halverson with a rebound.
13:26 of 1st period - Mackenzie MacEachern is hit by Patrick Brown and loses puck.
13:30 of 1st period - Icing by William Lockwood.
13:31 of 1st period - Dominik Kahun wins face-off versus Lane Pederson in Canucks zone.
13:36 of 1st period - Snap shot by Anthony Beauvillier.
13:36 of 1st period - Shot Blocked by Adam Ollas-Mattsson.
13:38 of 1st period - Snap shot by Drake Batherson.
13:38 of 1st period - Stopped by Thatcher Demko without a rebound.
13:39 of 1st period - Dominik Kahun wins face-off versus Nicolas Petan in Canucks zone.
13:52 of 1st period - Snap shot by Drake Batherson.
13:52 of 1st period - Stopped by Thatcher Demko without a rebound.
13:53 of 1st period - Dominik Kahun wins face-off versus Nicolas Petan in Canucks zone.
13:54 of 1st period - Backhand shot by Drake Batherson.
13:54 of 1st period - Shot Blocked by Adam Ollas-Mattsson.
13:56 of 1st period - Wrist shot by Dominik Kahun.
13:56 of 1st period - Deflect By Drake Batherson.
13:56 of 1st period - Shot Misses the Net.
13:56 of 1st period - Puck is out of play.
13:57 of 1st period - Dominik Kahun wins face-off versus Nicolas Petan in Canucks zone.
13:58 of 1st period - Slapshot by Drake Batherson.
13:58 of 1st period - Shot Blocked by Nicolas Petan.
14:00 of 1st period - Snap shot by Anthony Beauvillier.
14:00 of 1st period - Shot Blocked by Adam Ollas-Mattsson.
14:02 of 1st period - Slapshot by Anthony Beauvillier.
14:02 of 1st period - Stopped by Thatcher Demko without a rebound.
14:03 of 1st period - Dominik Kahun wins face-off versus Nicolas Petan in Canucks zone.
14:04 of 1st period - Snap shot by Drake Batherson.
14:04 of 1st period - Stopped by Thatcher Demko with a rebound.
14:57 of 1st period - Wrist shot by Drake Batherson.
14:57 of 1st period - Shot Misses the Net.
14:59 of 1st period - Slapshot by Jake Walman.
14:59 of 1st period - Deflect By Dominik Kahun.
14:59 of 1st period - Stopped by Thatcher Demko without a rebound.
15:00 of 1st period - Andrei Svechnikov wins face-off versus Jean-Sebastien Dea in Canucks zone.
15:03 of 1st period - Wrist shot by Patrick Brown.
15:03 of 1st period - Stopped by Thatcher Demko without a rebound.
15:04 of 1st period - Dylan Gambrell wins face-off versus Jean-Sebastien Dea in Canucks zone.
15:08 of 1st period - Icing by Juho Lammikko.
15:09 of 1st period - Dylan Gambrell wins face-off versus Jean-Sebastien Dea in Canucks zone.
15:12 of 1st period - Slapshot by Timothy Liljegren.
15:12 of 1st period - Deflect By Andrei Svechnikov.
15:12 of 1st period - Stopped by Thatcher Demko with a rebound.
15:14 of 1st period - Slapshot by Patrick Brown.
15:14 of 1st period - Shot Misses the Net.
15:16 of 1st period - Snap shot by Patrick Brown.
15:16 of 1st period - Shot Blocked by Guillaume Brisebois.
15:18 of 1st period - Slapshot by Radim Simek.
15:18 of 1st period - Stopped by Thatcher Demko with a rebound.
15:22 of 1st period - Slapshot by Patrick Brown.
15:22 of 1st period - Stopped by Thatcher Demko with a rebound.
15:24 of 1st period - Slapshot by Andrei Svechnikov.
15:24 of 1st period - Shot Misses the Net.
15:40 of 1st period - Slapshot by Andrei Svechnikov.
15:40 of 1st period - Deflect By Juho Lammikko.
15:40 of 1st period - Stopped by Thatcher Demko with a rebound.
15:48 of 1st period - Wrist shot by Andrei Svechnikov.
15:48 of 1st period - Stopped by Thatcher Demko without a rebound.
15:49 of 1st period - Nicolas Petan wins face-off versus Dominik Kahun in Canucks zone.
17:00 of 1st period - Snap shot by Patrick Brown.
17:00 of 1st period - Stopped by Thatcher Demko with a rebound.
17:02 of 1st period - Snap shot by Patrick Brown.
17:02 of 1st period - Shot Misses the Net.
17:15 of 1st period - Off-side.
17:16 of 1st period - Dominik Kahun wins face-off versus Ryan Lomberg in neutral zone.
18:09 of 1st period - Radim Simek is hit by Nicolas Petan.
19:20 of 1st period - Off-side.
19:21 of 1st period - Dylan Gambrell wins face-off versus Jean-Sebastien Dea in neutral zone.
19:32 of 1st period - Wrist shot by Patrick Brown.
19:32 of 1st period - Stopped by Thatcher Demko with a rebound.
19:34 of 1st period - Slapshot by Andrei Svechnikov.
19:34 of 1st period - Goal by Andrei Svechnikov - Canucks : 0 - Checkers : 1.
19:35 of 1st period - Jean-Sebastien Dea wins face-off versus Dylan Gambrell in neutral zone.
19:38 of 1st period - Wrist shot by Juho Lammikko.
19:38 of 1st period - Shot Blocked by John Draeger.
19:47 of 1st period - Icing by Scott Harrington.
19:48 of 1st period - Dylan Gambrell wins face-off versus Jean-Sebastien Dea in Canucks zone.
19:50 of 1st period - Icing by Scott Harrington.
19:51 of 1st period - Dylan Gambrell wins face-off versus Jean-Sebastien Dea in Canucks zone.
Goals for this period are 0 for Canucks vs 1 for Checkers.
Shots for this period are 14 for Canucks vs 18 for Checkers.
2nd period
0:01 of 2nd period - Dylan Gambrell wins face-off versus Jean-Sebastien Dea in neutral zone.
0:04 of 2nd period - Scott Harrington is hit by Patrick Brown and loses puck.
0:29 of 2nd period - Wrist shot by William Lockwood.
0:29 of 2nd period - Shot Misses the Net.
1:13 of 2nd period - Radim Simek is hit by Tyler Graovac and loses puck.
1:38 of 2nd period - Viktor Baldayev is hit by Trevor Moore and loses puck.
1:57 of 2nd period - Wrist shot by Austin Poganski.
1:57 of 2nd period - Shot Misses the Net.
2:01 of 2nd period - Snap shot by Roberts Lipsbergs.
2:01 of 2nd period - Stopped by Thatcher Demko with a rebound.
2:03 of 2nd period - Snap shot by Roberts Lipsbergs.
2:03 of 2nd period - Shot Blocked by Ryan Lomberg.
2:17 of 2nd period - Wrist shot by Mackenzie MacEachern.
2:17 of 2nd period - Stopped by Brandon Halverson with a rebound.
2:26 of 2nd period - Icing by Scott Harrington.
2:27 of 2nd period - Jean-Sebastien Dea wins face-off versus Dominik Kahun in Canucks zone.
2:51 of 2nd period - Trevor Moore is hit by Dominik Kahun and loses puck.
3:02 of 2nd period - Wrist shot by Drake Batherson.
3:02 of 2nd period - Stopped by Thatcher Demko without a rebound.
3:03 of 2nd period - Nicolas Petan wins face-off versus Dylan Gambrell in Canucks zone.
3:03 of 2nd period - Nicolas Petan is hit by Dylan Gambrell.
3:11 of 2nd period - Wrist shot by Curtis Lazar.
3:11 of 2nd period - Stopped by Brandon Halverson with a rebound.
3:13 of 2nd period - Snap shot by Ryan Lomberg.
3:13 of 2nd period - Stopped by Brandon Halverson with a rebound.
3:35 of 2nd period - Wrist shot by Tanner Laczynski.
3:35 of 2nd period - Stopped by Thatcher Demko with a rebound.
3:53 of 2nd period - Snap shot by John Draeger.
3:53 of 2nd period - Stopped by Thatcher Demko with a rebound.
4:36 of 2nd period - Nicolas Petan is hit by Andrei Svechnikov and loses puck.
5:29 of 2nd period - Jared McIsaac is hit by Nicolas Petan and loses puck.
5:48 of 2nd period - Guillaume Brisebois is hit by Kirill Marchenko and loses puck.
6:39 of 2nd period - Viktor Baldayev is hit by Phil Di Giuseppe.
7:14 of 2nd period - Snap shot by John Draeger.
7:14 of 2nd period - Stopped by Thatcher Demko with a rebound.
7:28 of 2nd period - Snap shot by Juho Lammikko.
7:28 of 2nd period - Stopped by Brandon Halverson with a rebound.
7:50 of 2nd period - Slapshot by Austin Poganski.
7:50 of 2nd period - Stopped by Thatcher Demko with a rebound.
7:56 of 2nd period - Wrist shot by Austin Poganski.
7:56 of 2nd period - Shot Misses the Net.
7:58 of 2nd period - Snap shot by John Draeger.
7:58 of 2nd period - Stopped by Thatcher Demko without a rebound.
7:59 of 2nd period - Dylan Gambrell wins face-off versus Nicolas Petan in Canucks zone.
8:14 of 2nd period - Snap shot by Curtis Lazar.
8:14 of 2nd period - Stopped by Brandon Halverson with a rebound.
8:38 of 2nd period - Radim Simek is hit by Phil Di Giuseppe and loses puck.
9:04 of 2nd period - Timothy Liljegren is hit by Ryan Lomberg and loses puck.
9:56 of 2nd period - Wrist shot by Drake Batherson.
9:56 of 2nd period - Shot Misses the Net.
10:01 of 2nd period - Icing by Trevor Moore.
10:02 of 2nd period - Dylan Gambrell wins face-off versus Jean-Sebastien Dea in Canucks zone.
10:05 of 2nd period - Snap shot by Andrei Svechnikov.
10:05 of 2nd period - Stopped by Thatcher Demko with a rebound.
10:07 of 2nd period - Snap shot by Jared McIsaac.
10:07 of 2nd period - Shot Misses the Net.
10:57 of 2nd period - Snap shot by Tanner Laczynski.
10:57 of 2nd period - Deflect By Kirill Marchenko.
10:57 of 2nd period - Shot Misses the Net.
10:57 of 2nd period - Puck is out of play.
10:58 of 2nd period - Nicolas Petan wins face-off versus Dylan Gambrell in Canucks zone.
10:58 of 2nd period - Nicolas Petan is hit by Patrick Brown.
11:12 of 2nd period - Wrist shot by Nicolas Petan.
11:12 of 2nd period - Stopped by Brandon Halverson with a rebound.
11:24 of 2nd period - Tyler Graovac is hit by Viktor Baldayev and loses puck.
11:52 of 2nd period - Slapshot by Timothy Liljegren.
11:52 of 2nd period - Deflect By Tanner Laczynski.
11:52 of 2nd period - Stopped by Thatcher Demko without a rebound.
11:53 of 2nd period - Nicolas Petan wins face-off versus Dylan Gambrell in Canucks zone.
12:14 of 2nd period - Minor Penalty to Ryan Lomberg for High sticking.
12:15 of 2nd period - Nicolas Petan wins face-off versus Anthony Beauvillier in Canucks zone.
12:24 of 2nd period - Slapshot by Scott Harrington.
12:24 of 2nd period - Stopped by Brandon Halverson with a rebound.
13:07 of 2nd period - Adam Ollas-Mattsson is hit by Dominik Kahun and loses puck.
14:14 of 2nd period - Penalty to Ryan Lomberg is over, Ryan Lomberg is back on ice.
14:32 of 2nd period - Snap shot by Ryan Lomberg.
14:32 of 2nd period - Deflect By Charles Hudon.
14:32 of 2nd period - Shot Misses the Net.
14:32 of 2nd period - Puck is out of play.
14:33 of 2nd period - Drake Batherson wins face-off versus Jean-Sebastien Dea in Checkers zone.
15:23 of 2nd period - Minor Penalty to Tyler Graovac for Slashing.
15:24 of 2nd period - Nicolas Petan wins face-off versus Dominik Kahun in Canucks zone.
16:34 of 2nd period - Wrist shot by Curtis Lazar.
16:34 of 2nd period - Deflect By Jean-Sebastien Dea.
16:34 of 2nd period - Shot Misses the Net.
16:34 of 2nd period - Puck is out of play.
16:35 of 2nd period - Morgan Frost wins face-off versus Curtis Lazar in Checkers zone.
16:44 of 2nd period - Snap shot by Timothy Liljegren.
16:44 of 2nd period - Stopped by Thatcher Demko with a rebound.
16:48 of 2nd period - Snap shot by Matt Puempel.
16:48 of 2nd period - Stopped by Thatcher Demko with a rebound.
17:23 of 2nd period - Penalty to Tyler Graovac is over, Tyler Graovac is back on ice.
17:55 of 2nd period - Snap shot by Austin Poganski.
17:55 of 2nd period - Stopped by Thatcher Demko without a rebound.
17:56 of 2nd period - Dominik Kahun wins face-off versus Lane Pederson in Canucks zone.
18:10 of 2nd period - Slapshot by Mackenzie MacEachern.
18:10 of 2nd period - Deflect By William Lockwood.
18:10 of 2nd period - Shot Blocked by Dominik Kahun.
18:10 of 2nd period - Puck is out of play.
18:11 of 2nd period - Dylan Gambrell wins face-off versus Tyler Graovac in Checkers zone.
18:11 of 2nd period - Dylan Gambrell is hit by Phil Di Giuseppe.
19:21 of 2nd period - Snap shot by Patrick Brown.
19:21 of 2nd period - Stopped by Thatcher Demko without a rebound.
19:22 of 2nd period - Patrick Brown wins face-off versus Ryan Lomberg in Canucks zone.
19:23 of 2nd period - Wrist shot by Andrei Svechnikov.
19:23 of 2nd period - Stopped by Thatcher Demko with a rebound.
19:50 of 2nd period - Minor Penalty to Anthony Beauvillier for High sticking.
19:51 of 2nd period - Matt Puempel wins face-off versus Nicolas Petan in Checkers zone.
Goals for this period are 0 for Canucks vs 0 for Checkers.
Shots for this period are 7 for Canucks vs 14 for Checkers.
3rd period
0:01 of 3rd period - Dominik Kahun wins face-off versus Nicolas Petan in neutral zone.
0:04 of 3rd period - Slapshot by Radim Simek.
0:04 of 3rd period - Stopped by Thatcher Demko without a rebound.
0:05 of 3rd period - Dominik Kahun wins face-off versus Nicolas Petan in Canucks zone.
0:32 of 3rd period - Slapshot by Juho Lammikko.
0:32 of 3rd period - Shot Misses the Net.
0:34 of 3rd period - Slapshot by Adam Ollas-Mattsson.
0:34 of 3rd period - Shot Misses the Net.
0:36 of 3rd period - Wrist shot by Trevor Moore.
0:36 of 3rd period - Stopped by Brandon Halverson with a rebound.
1:50 of 3rd period - Penalty to Anthony Beauvillier is over, Anthony Beauvillier is back on ice.
2:06 of 3rd period - Adam Ollas-Mattsson is hit by Patrick Brown and loses puck.
2:17 of 3rd period - Adam Ollas-Mattsson is hit by Drake Batherson and loses puck.
2:36 of 3rd period - Minor Penalty to Jared McIsaac for Cross-checking.
2:37 of 3rd period - Nicolas Petan wins face-off versus Dominik Kahun in Checkers zone.
2:42 of 3rd period - Wrist shot by Nicolas Petan.
2:42 of 3rd period - Goal by Nicolas Petan - Canucks : 1 - Checkers : 1.
2:43 of 3rd period - Drake Batherson wins face-off versus Nicolas Petan in neutral zone.
2:47 of 3rd period - Icing by Scott Harrington.
2:48 of 3rd period - Nicolas Petan wins face-off versus Drake Batherson in Canucks zone.
3:15 of 3rd period - Andrei Svechnikov is hit by Juho Lammikko and loses puck.
3:38 of 3rd period - Snap shot by Mackenzie MacEachern.
3:38 of 3rd period - Stopped by Brandon Halverson with a rebound.
3:40 of 3rd period - Wrist shot by William Lagesson.
3:40 of 3rd period - Shot Blocked by Tanner Laczynski.
3:42 of 3rd period - Slapshot by Lane Pederson.
3:42 of 3rd period - Shot Blocked by Radim Simek.
3:44 of 3rd period - Slapshot by William Lagesson.
3:44 of 3rd period - Stopped by Brandon Halverson with a rebound.
3:46 of 3rd period - Slapshot by William Lagesson.
3:46 of 3rd period - Stopped by Brandon Halverson with a rebound.
3:52 of 3rd period - Minor Penalty to Kirill Marchenko for Tripping.
3:53 of 3rd period - Dominik Kahun wins face-off versus Nicolas Petan in Checkers zone.
3:59 of 3rd period - Icing by Curtis Lazar.
4:00 of 3rd period - Nicolas Petan wins face-off versus Dominik Kahun in Canucks zone.
4:11 of 3rd period - Snap shot by Nicolas Petan.
4:11 of 3rd period - Stopped by Brandon Halverson with a rebound.
5:26 of 3rd period - Trevor Moore is hit by Jake Walman and loses puck.
5:45 of 3rd period - Patrick Brown is hit by Curtis Lazar and loses puck.
5:52 of 3rd period - Penalty to Kirill Marchenko is over, Kirill Marchenko is back on ice.
6:04 of 3rd period - Backhand shot by Dominik Kahun.
6:04 of 3rd period - Shot Misses the Net.
6:26 of 3rd period - Tyler Graovac is hit by Kirill Marchenko and loses puck.
6:43 of 3rd period - Snap shot by Dominik Kahun.
6:43 of 3rd period - Stopped by Thatcher Demko without a rebound.
6:44 of 3rd period - Lane Pederson wins face-off versus Dylan Gambrell in Canucks zone.
9:38 of 3rd period - Lane Pederson is hit by Austin Poganski and loses puck.
10:10 of 3rd period - Matt Puempel is hit by Michael Joly and loses puck.
10:31 of 3rd period - Radim Simek is hit by William Lagesson and loses puck.
10:50 of 3rd period - Anthony Beauvillier is hit by Adam Ollas-Mattsson and loses puck.
11:03 of 3rd period - Kirill Marchenko is hit by Guillaume Brisebois and loses puck.
11:16 of 3rd period - Timothy Liljegren is hit by Nicolas Petan and loses puck.
12:34 of 3rd period - Adam Ollas-Mattsson is hit by Patrick Brown and loses puck.
13:05 of 3rd period - Adam Ollas-Mattsson is hit by Viktor Baldayev and loses puck.
13:20 of 3rd period - Snap shot by Drake Batherson.
13:20 of 3rd period - Stopped by Thatcher Demko without a rebound.
13:21 of 3rd period - Nicolas Petan wins face-off versus Dominik Kahun in Canucks zone.
13:23 of 3rd period - Icing by Scott Harrington.
13:24 of 3rd period - Nicolas Petan wins face-off versus Dominik Kahun in Canucks zone.
13:57 of 3rd period - Michael Joly is hit by Viktor Baldayev and loses puck.
14:04 of 3rd period - Snap shot by Anthony Beauvillier.
14:04 of 3rd period - Stopped by Thatcher Demko with a rebound.
14:08 of 3rd period - Wrist shot by Drake Batherson.
14:08 of 3rd period - Goal by Drake Batherson - Canucks : 1 - Checkers : 2.
14:09 of 3rd period - Dylan Gambrell wins face-off versus Nicolas Petan in neutral zone.
14:45 of 3rd period - Icing by Trevor Moore.
14:46 of 3rd period - Dominik Kahun wins face-off versus Jean-Sebastien Dea in Canucks zone.
14:59 of 3rd period - Snap shot by Drake Batherson.
14:59 of 3rd period - Shot Blocked by Adam Ollas-Mattsson.
15:01 of 3rd period - Backhand shot by Viktor Baldayev.
15:01 of 3rd period - Stopped by Thatcher Demko without a rebound.
15:02 of 3rd period - Tanner Laczynski wins face-off versus Nicolas Petan in Canucks zone.
15:05 of 3rd period - Snap shot by Tanner Laczynski.
15:05 of 3rd period - Stopped by Thatcher Demko with a rebound.
15:29 of 3rd period - Drake Batherson is hit by Juho Lammikko.
16:33 of 3rd period - Jean-Sebastien Dea is hit by Matt Puempel and loses puck.
18:09 of 3rd period - Jean-Sebastien Dea is hit by Patrick Brown and loses puck.
18:53 of 3rd period - Daniil Miromanov is hit by Anthony Beauvillier and loses puck.
19:01 of 3rd period - Icing by William Lagesson.
19:02 of 3rd period - Curtis Lazar wins face-off versus Dominik Kahun in Canucks zone.
19:07 of 3rd period - Canucks, Thatcher Demko is pulled from the net.
19:41 of 3rd period - Slapshot by Daniil Miromanov.
19:41 of 3rd period - Stopped by Brandon Halverson with a rebound.
Goals for this period are 1 for Canucks vs 1 for Checkers.
Shots for this period are 7 for Canucks vs 7 for Checkers.